TOP OF THE 1ST |
Louisville Bats batting - Pitching for Ottawa Lynx : RHP Delvis Pacheco
|
Pitching: RHP Delvis Pacheco
|
|
Batting: LHB Jeremy Hermida
|
0-0: Called Strike 0-1: Ball 1-1: Ground out 5-3 (Groundball, 5, EV 82.5 MPH)
|
Batting: RHB J.J. Jurries
|
0-0: SINGLE (Groundball, 34D, EV 95.6 MPH)
|
Batting: RHB Jeremy Cleveland
|
0-0: Called Strike 0-1: Ball 1-1: Swinging Strike 1-2: Fly out, F9 (Flyball, 89M, EV 95.6 MPH)
|
Batting: LHB Dustin Delucchi
|
0-0: Called Strike 0-1: Called Strike 0-2: Ball 1-2: Ball J.J. Jurries steals 2nd base 2-2: Ball 3-2: Base on Balls
|
Batting: LHB Harry Pacheco
|
0-0: Fly out, F9 (Flyball, 9LM, EV 110.0 MPH)
|
Top of the 1st over - 0 runs, 1 hit, 0 errors, 2 left on base; Louisville 0 - Ottawa 0 |
BOTTOM OF THE 1ST |
Ottawa Lynx batting - Pitching for Louisville Bats : LHP Josh Cenate
|
Pitching: LHP Josh Cenate
|
|
Batting: LHB Shin-Soo Choo
|
0-0: Ground out U3 (Groundball, 3, EV 86.3 MPH)
|
Batting: LHB David Stone
|
0-0: Swinging Strike 0-1: Ball 1-1: Swinging Strike 1-2: Strikes out swinging
|
Batting: RHB Amaurys Nina
|
0-0: Ball 1-0: Ball 2-0: Ball 3-0: Called Strike 3-1: Fly out, F3 (Line Drive, 3, EV 64.4 MPH)
|
Bottom of the 1st over - 0 runs, 0 hits, 0 errors, 0 left on base; Louisville 0 - Ottawa 0 |
TOP OF THE 2ND |
Louisville Bats batting - Pitching for Ottawa Lynx : RHP Delvis Pacheco
|
Batting: RHB Jason Alfaro
|
0-0: Ball 1-0: Called Strike 1-1: Ball 2-1: Foul Ball, location: 25F 2-2: Ground out 4-3 (Groundball, 4, EV 89.4 MPH)
|
Batting: LHB Matthew Sanchez
|
0-0: Ball 1-0: Ball 2-0: Fly out, F9 (Flyball, 9LM, EV 98.1 MPH)
|
Batting: LHB L.J. Biernbaum
|
0-0: Ball 1-0: Ball 2-0: Ball 3-0: Base on Balls
|
Batting: RHB Tim Olson
|
0-0: Ball 1-0: Foul Ball, location: 2F 1-1: Ball 2-1: Foul Ball, location: 5F 2-2: Strikes out looking
|
Top of the 2nd over - 0 runs, 0 hits, 0 errors, 1 left on base; Louisville 0 - Ottawa 0 |
BOTTOM OF THE 2ND |
Ottawa Lynx batting - Pitching for Louisville Bats : LHP Josh Cenate
|
Batting: LHB Pablo Espinosa
|
0-0: Swinging Strike 0-1: Foul Ball, location: 2F 0-2: SINGLE (Groundball, 34D, EV 103.8 MPH)
|
Batting: LHB Marcos Arroyo
|
0-0: Ball 1-0: Ball 2-0: TRIPLE (Line Drive, 89XD, EV 110.6 MPH) Pablo Espinosa scores
|
Batting: RHB Yurendell de Caster
|
0-0: Ball 1-0: Ball 2-0: Ball Wild Pitch! Marcos Arroyo scores 3-0: Called Strike 3-1: Ground out 6-3 (Groundball, 6, EV 86.3 MPH)
|
Batting: LHB Luke Appert
|
0-0: Swinging Strike 0-1: Foul Ball, location: 7LSF 0-2: Ball 1-2: Strikes out swinging
|
Batting: RHB Ty Wigginton
|
0-0: Ball 1-0: Ball 2-0: Ball 3-0: Base on Balls
|
Batting: SHB Jim Essian
|
0-0: Ground out 4-3 (Groundball, 34, EV 93.8 MPH)
|
Bottom of the 2nd over - 2 runs, 2 hits, 0 errors, 1 left on base; Louisville 0 - Ottawa 2 |
TOP OF THE 3RD |
Louisville Bats batting - Pitching for Ottawa Lynx : RHP Delvis Pacheco
|
Batting: LHB Jeremy Hermida
|
0-0: Called Strike 0-1: Called Strike 0-2: Strikes out swinging
|
Batting: RHB J.J. Jurries
|
0-0: Swinging Strike 0-1: SINGLE (Groundball, 6MS, EV 68.8 MPH) (infield hit)
|
Batting: RHB Jeremy Cleveland
|
0-0: Foul Ball, location: 9LMF 0-1: Ground out 5-3 (Groundball, 5S, EV 75.6 MPH) J.J. Jurries to second
|
Batting: LHB Dustin Delucchi
|
0-0: Ball 1-0: Foul Ball, location: 7LSF 1-1: Called Strike 1-2: Ball 2-2: Foul Ball, location: 7LMF 2-2: Strikes out swinging
|
Top of the 3rd over - 0 runs, 1 hit, 0 errors, 1 left on base; Louisville 0 - Ottawa 2 |
BOTTOM OF THE 3RD |
Ottawa Lynx batting - Pitching for Louisville Bats : LHP Josh Cenate
|
Batting: LHB Shin-Soo Choo
|
0-0: Foul Ball, location: 2F 0-1: DOUBLE (Line Drive, 78D, EV 103.8 MPH)
|
Batting: LHB David Stone
|
0-0: Ball 1-0: Foul Ball, location: 2F 1-1: Ball 2-1: Ball 3-1: Base on Balls
|
Batting: RHB Amaurys Nina
|
0-0: Ball 1-0: Ball 2-0: Ball 3-0: Called Strike 3-1: SINGLE (Line Drive, 8RS, EV 106.3 MPH) Shin-Soo Choo to third David Stone to second Runner from 3rd tries for Home, SAFE, throw by CF to home
|
Batting: LHB Pablo Espinosa
|
0-0: Ball 1-0: Ball 2-0: Fly out, F7 (Flyball, 7S, EV 93.1 MPH)
|
Batting: LHB Marcos Arroyo
|
0-0: 3-RUN HOME RUN (Flyball, 9D, EV 95.0 MPH), Distance : 367 ft
|
Batting: RHB Yurendell de Caster
|
0-0: Ball 1-0: Fly out, F4 (Popup, 4, EV 60.0 MPH)
|
Batting: LHB Luke Appert
|
0-0: Foul Ball, location: 7LSF 0-1: Foul Ball, location: 9LSF 0-2: Foul Ball, location: 2RF 0-2: Ball 1-2: Foul Ball, location: 2RF 1-2: Foul Ball, location: 7LSF 1-2: Ball 2-2: Fly out, F9 (Line Drive, 9, EV 108.8 MPH)
|
Bottom of the 3rd over - 4 runs, 3 hits, 0 errors, 0 left on base; Louisville 0 - Ottawa 6 |
TOP OF THE 4TH |
Louisville Bats batting - Pitching for Ottawa Lynx : RHP Delvis Pacheco
|
Batting: LHB Harry Pacheco
|
0-0: Foul Ball, location: 2F 0-1: Swinging Strike 0-2: Ball 1-2: Foul Ball, location: 25FF 1-2: Strikes out looking
|
Batting: RHB Jason Alfaro
|
0-0: Ball 1-0: Ball 2-0: Called Strike 2-1: Ball 3-1: Foul Ball, location: 9LMFF 3-2: Foul Ball, location: 2RF 3-2: Base on Balls
|
Batting: LHB Matthew Sanchez
|
0-0: Ball Jason Alfaro is caught stealing 2nd base 2-6 1-0: Called Strike 1-1: Ball 2-1: Ball 3-1: Foul Ball, location: 9LDF 3-2: Foul Ball, location: 5SF 3-2: Strikes out swinging
|
Top of the 4th over - 0 runs, 0 hits, 0 errors, 0 left on base; Louisville 0 - Ottawa 6 |
BOTTOM OF THE 4TH |
Ottawa Lynx batting - Pitching for Louisville Bats : LHP Josh Cenate
|
Pitching: RHP Kenny Durost
|
|
Batting: RHB Ty Wigginton
|
0-0: Foul Ball, location: 7LSF 0-1: Fly out, F7 (Flyball, 78D, EV 107.5 MPH)
|
Batting: SHB Jim Essian
|
0-0: Ball 1-0: Ball 2-0: Ball 3-0: Base on Balls
|
Batting: LHB Shin-Soo Choo
|
0-0: Ball 1-0: Foul Ball, location: 9LDF 1-1: Swinging Strike 1-2: Strikes out swinging
|
Batting: LHB David Stone
|
0-0: Ball 1-0: Ball 2-0: Ball 3-0: Called Strike 3-1: Foul Ball, location: 2F Pickoff Throw to First - Out! 1-3
|
Bottom of the 4th over - 0 runs, 0 hits, 0 errors, 0 left on base; Louisville 0 - Ottawa 6 |
TOP OF THE 5TH |
Louisville Bats batting - Pitching for Ottawa Lynx : RHP Delvis Pacheco
|
Batting: LHB L.J. Biernbaum
|
0-0: Ball 1-0: Ball 2-0: Ball 3-0: Base on Balls
|
Batting: RHB Tim Olson
|
0-0: Swinging Strike 0-1: Swinging Strike 0-2: Ball 1-2: SINGLE (Groundball, 56D, EV 101.3 MPH) L.J. Biernbaum to second
|
Batting: LHB Jeremy Hermida
|
0-0: Ball 1-0: Ball 2-0: Ball 3-0: Base on Balls L.J. Biernbaum to third Tim Olson to second
|
Batting: RHB J.J. Jurries
|
0-0: Called Strike 0-1: Ball 1-1: Ball 2-1: Swinging Strike 2-2: Ball 3-2: Strikes out swinging
|
Batting: RHB Jeremy Cleveland
|
0-0: Ball 1-0: Ball 2-0: SINGLE (Groundball, 6MD, EV 95.6 MPH) L.J. Biernbaum scores Tim Olson to third Jeremy Hermida to second
|
Batting: LHB Dustin Delucchi
|
0-0: Grounds into fielders choice 1-2 (Groundball, 13S, EV 73.8 MPH) Jeremy Hermida to third Jeremy Cleveland to second
|
Batting: LHB Harry Pacheco
|
0-0: Ball 1-0: Ball 2-0: Foul Ball, location: 2F 2-1: Ball 3-1: Base on Balls Jeremy Hermida scores Jeremy Cleveland to third Dustin Delucchi to second
|
Batting: RHB Jason Alfaro
|
0-0: SINGLE (Line Drive, 89S, EV 91.9 MPH) Jeremy Cleveland scores Dustin Delucchi to third Harry Pacheco to second
|
Batting: LHB Matthew Sanchez
|
0-0: Ball 1-0: Fly out, F5 (Popup, 5SF, EV 79.4 MPH)
|
Top of the 5th over - 3 runs, 3 hits, 0 errors, 3 left on base; Louisville 3 - Ottawa 6 |
BOTTOM OF THE 5TH |
Ottawa Lynx batting - Pitching for Louisville Bats : RHP Kenny Durost
|
Batting: LHB David Stone
|
0-0: Ground out 5-3 (Groundball, 56, EV 104.4 MPH)
|
Batting: RHB Amaurys Nina
|
0-0: SINGLE (Groundball, 34D, EV 98.8 MPH)
|
Batting: LHB Pablo Espinosa
|
0-0: Ball Amaurys Nina is caught stealing 2nd base 2-6 1-0: Called Strike 1-1: Hit by Pitch
|
Batting: LHB Marcos Arroyo
|
0-0: Ball 1-0: Foul Ball, location: 7LSF 1-1: Fly out, F8 (Flyball, 8RM, EV 88.1 MPH)
|
Bottom of the 5th over - 0 runs, 1 hit, 0 errors, 1 left on base; Louisville 3 - Ottawa 6 |
TOP OF THE 6TH |
Louisville Bats batting - Pitching for Ottawa Lynx : RHP Delvis Pacheco
|
Batting: LHB L.J. Biernbaum
|
0-0: Called Strike 0-1: Ball 1-1: Ball 2-1: Swinging Strike 2-2: Foul Ball, location: 25F 2-2: Fly out, F6 (Popup, 6M, EV 58.1 MPH)
|
Batting: RHB Tim Olson
|
0-0: DOUBLE (Flyball, 89D, EV 95.6 MPH)
|
Batting: LHB Jeremy Hermida
|
0-0: Called Strike 0-1: SINGLE (Flyball, 6MD, EV 90.6 MPH) Tim Olson to third
|
Batting: RHB J.J. Jurries
|
0-0: Swinging Strike 0-1: Ball 1-1: Swinging Strike 1-2: Strikes out looking
|
Pitching: RHP Brandon O'Neal
|
|
Batting: RHB Jeremy Cleveland
|
0-0: Foul Ball, location: 2F 0-1: Ball 1-1: Fielders Choice at 2nd, 6-4 (Groundball, 6, EV 101.3 MPH)
|
Top of the 6th over - 0 runs, 2 hits, 0 errors, 2 left on base; Louisville 3 - Ottawa 6 |
BOTTOM OF THE 6TH |
Ottawa Lynx batting - Pitching for Louisville Bats : RHP Kenny Durost
|
Batting: RHB Yurendell de Caster
|
0-0: Foul Ball, location: 9LDF 0-1: Foul Ball, location: 2F 0-2: Ball 1-2: Strikes out looking
|
Batting: LHB Luke Appert
|
0-0: Ball 1-0: Ball 2-0: Ball 3-0: Called Strike 3-1: Base on Balls
|
Batting: RHB Ty Wigginton
|
0-0: Ball 1-0: Fly out, F8 (Flyball, 8LXD, EV 96.3 MPH)
|
Batting: SHB Jim Essian
|
0-0: Called Strike 0-1: Ball 1-1: Swinging Strike 1-2: Foul Ball, location: 2F 1-2: Strikes out swinging
|
Bottom of the 6th over - 0 runs, 0 hits, 0 errors, 1 left on base; Louisville 3 - Ottawa 6 |
TOP OF THE 7TH |
Louisville Bats batting - Pitching for Ottawa Lynx : RHP Brandon O'Neal
|
Batting: LHB Dustin Delucchi
|
0-0: Called Strike 0-1: Ball 1-1: Ball 2-1: Foul Ball, location: 7LDF 2-2: Ball 3-2: Base on Balls
|
Batting: LHB Harry Pacheco
|
0-0: Ball 1-0: Foul Ball, location: 7LMF 1-1: Called Strike Dustin Delucchi steals 2nd base 1-2: Ball 2-2: Ball 3-2: Fly out, F5 (Popup, 5F, EV 75.0 MPH)
|
Batting: RHB Jason Alfaro
|
0-0: SINGLE (Line Drive, 8RS, EV 100.0 MPH) Dustin Delucchi to third
|
Batting: LHB Matthew Sanchez
|
0-0: Ball 1-0: Foul Ball, location: 7LSF 1-1: Called Strike 1-2: Foul Ball, location: 9LMF 1-2: Strikes out swinging
|
Pitching: LHP Yoiset Valle
|
|
Pinch Hitting: SHB Omar Falcon
|
0-0: Fly out, F5 (Popup, 5SF, EV 86.9 MPH)
|
Top of the 7th over - 0 runs, 1 hit, 0 errors, 2 left on base; Louisville 3 - Ottawa 6 |
BOTTOM OF THE 7TH |
Ottawa Lynx batting - Pitching for Louisville Bats : RHP Kenny Durost
|
Pitching: RHP Jonathan Castellanos
|
|
Now in RF: Daniel Flores
|
|
Batting: LHB Shin-Soo Choo
|
0-0: Ball 1-0: Foul Ball, location: 2F 1-1: Ball 2-1: Ball 3-1: DOUBLE (Line Drive, 9LD, EV 108.8 MPH)
|
Batting: LHB David Stone
|
0-0: Ball 1-0: Swinging Strike 1-1: Ball 2-1: Ground out U3 (Groundball, 34, EV 105.0 MPH) Shin-Soo Choo to third
|
Batting: RHB Amaurys Nina
|
0-0: Foul Ball, location: 2F 0-1: Foul Ball, location: 3F 0-2: Strikes out swinging
|
Batting: LHB Pablo Espinosa
|
0-0: Intentional Walk
|
Batting: LHB Marcos Arroyo
|
0-0: Foul Ball, location: 2F 0-1: Ball 1-1: Ball 2-1: DOUBLE (Line Drive, 9LM, EV 110.0 MPH) Shin-Soo Choo scores Pablo Espinosa to third Runner from 3rd tries for Home, SAFE, throw by RF to trailing runner, SAFE at third!
|
Batting: RHB Yurendell de Caster
|
0-0: Ball 1-0: Swinging Strike 1-1: Foul Ball, location: 25FF 1-2: Strikes out swinging
|
Bottom of the 7th over - 2 runs, 2 hits, 0 errors, 1 left on base; Louisville 3 - Ottawa 8 |
TOP OF THE 8TH |
Louisville Bats batting - Pitching for Ottawa Lynx : LHP Yoiset Valle
|
Batting: RHB Tim Olson
|
0-0: Called Strike 0-1: Ball 1-1: Ball 2-1: Swinging Strike 2-2: Ball 3-2: Strikes out swinging
|
Batting: LHB Jeremy Hermida
|
0-0: Swinging Strike 0-1: DOUBLE (Flyball, 8RXD, EV 98.8 MPH)
|
Batting: RHB J.J. Jurries
|
0-0: Foul Ball, location: 5F 0-1: Foul Ball, location: 25FF 0-2: Strikes out swinging
|
Batting: RHB Jeremy Cleveland
|
0-0: Fly out, F2 (Popup, 5SF, EV 75.0 MPH)
|
Top of the 8th over - 0 runs, 1 hit, 0 errors, 1 left on base; Louisville 3 - Ottawa 8 |
BOTTOM OF THE 8TH |
Ottawa Lynx batting - Pitching for Louisville Bats : RHP Jonathan Castellanos
|
Batting: LHB Luke Appert
|
0-0: Ball 1-0: Fly out, F8 (Line Drive, 8RM, EV 95.0 MPH)
|
Batting: RHB Ty Wigginton
|
0-0: SINGLE (Groundball, 6MD, EV 96.9 MPH)
|
Batting: SHB Jim Essian
|
0-0: Swinging Strike 0-1: Ball 1-1: Fly out, F8 (Flyball, 8LM, EV 96.9 MPH)
|
Batting: LHB Shin-Soo Choo
|
0-0: Ball 1-0: Ball 2-0: Ground out U3 (Groundball, 34, EV 91.3 MPH)
|
Bottom of the 8th over - 0 runs, 1 hit, 0 errors, 1 left on base; Louisville 3 - Ottawa 8 |
TOP OF THE 9TH |
Louisville Bats batting - Pitching for Ottawa Lynx : LHP Yoiset Valle
|
Batting: LHB Dustin Delucchi
|
0-0: Ball 1-0: SINGLE (Groundball, 4MD, EV 94.4 MPH)
|
Batting: LHB Harry Pacheco
|
0-0: Ball 1-0: Ball 2-0: Foul Ball, location: 2F 2-1: Ball 3-1: Ground out 4-3 (Groundball, 34D, EV 108.8 MPH) Dustin Delucchi to second
|
Batting: RHB Jason Alfaro
|
0-0: Ball 1-0: Called Strike 1-1: Foul Ball, location: 9LSF 1-2: Foul Ball, location: 2F 1-2: Ball 2-2: Ball 3-2: Foul Ball, location: 25FF 3-2: Foul Ball, location: 3FF 3-2: SINGLE (Groundball, 34D, EV 102.5 MPH) Dustin Delucchi to third
|
Pinch Hitting: RHB Carlos Botelheiro
|
0-0: Foul Ball, location: 7LSF 0-1: Ball 1-1: Ground out 5-3 (Groundball, 56S, EV 63.8 MPH) Dustin Delucchi scores Jason Alfaro to second
|
Pitching: RHP Brian Stokes
|
|
Batting: RHB Daniel Flores
|
0-0: Called Strike 0-1: Ball 1-1: Ball Wild Pitch! Jason Alfaro to third 2-1: Swinging Strike 2-2: Foul Ball, location: 2F 2-2: Ball 3-2: Ground out 6-3 (Groundball, 6, EV 87.5 MPH)
|
Top of the 9th over - 1 run, 2 hits, 0 errors, 1 left on base; Louisville 4 - Ottawa 8 |
|